 Dungeon Crawl Stone Soup version 0.28-a0-863-g8cecda6153 (webtiles) character file.

Game seed: 962750523002981881

63 sanka the Ruffian (level 3, -1/31 HPs)
             Began as a Palentonga Abyssal Knight on Nov 16, 2021.
             Was a Believer of Lugonu.
             Slain by Sigmund (2 damage)
             ... on level 2 of the Dungeon.
             The game lasted 00:03:01 (2114 turns).

sanka the Ruffian (Palentonga Abyssal Knight)       Turns: 2114, Time: 00:03:01

Health: -1/31      AC:  4    Str: 16    XL:     3   Next: 87%
Magic:  4/4        EV:  9    Int: 11    God:    Lugonu [**....]
Gold:   45         SH:  0    Dex: 10    Spells: 2/2 levels left

rFire   . . .      SeeInvis +   a - +1 hand axe
rCold   . . .      Faith    .   (no shield)
rNeg    . . .      Spirit   .   b - +0 leather armour
rPois   .          Reflect  .   (no helmet)
rElec   .          Harm     .   (no cloak)
rCorr   .          Rampage  .   (no gloves)
Will    .....                   (no barding)
Stlth   ..........              (no amulet)
HPRegen 0.10/turn               (no ring)
MPRegen 0.09/turn               (no ring)

@: confused, on berserk cooldown, slowed, very slow
A: large, rugged brown scales 3, see invisible, deformed body, roll 1, armoured
tail
a: Rolling Charge, Renounce Religion, Depart the Abyss, Bend Space


You were on level 2 of the Dungeon.
You worshipped Lugonu.
Lugonu was pleased with you.
You visited 1 branch of the dungeon, and saw 2 of its levels.
You visited the Abyss 1 time.

You collected 45 gold pieces.


Innate Abilities, Weirdness & Mutations

You are completely covered in rugged brown scales. (AC +3, +7% HP)
You have supernaturally acute eyesight. (SInv)
Armour fits poorly on your strangely shaped body.
You can roll at nearby foes to attack.
You have a long armoured tail.


   Skills:
 - Level 3.0 Fighting
 - Level 2.5 Axes
 - Level 1.5 Armour
 - Level 0.7 Dodging
 + Level 3.1 Unarmed Combat
 - Level 2.1 Invocations


You had 2 spell levels left.
You didn't know any spells.
Your spell library contained the following spells:

 Spells                   Type           Power      Damage    Failure   Level
 Blink                    Tloc           0%         N/A       54%         2
 Manifold Assault         Tloc           0%         N/A       100%        5
 Storm Form               Tmut/Air       0%         N/A       100%        7

Inventory:

Hand Weapons
 a - a +1 hand axe (weapon)
Armour
 b - a +0 leather armour (worn)
Scrolls
 c - a scroll of teleportation {unknown}
 d - a scroll of fear {unknown}

Dungeon Overview and Level Annotations

Branches:
Dungeon (2/15)

Altars:
Gozag

Annotations:
D:2 Sigmund

▒▒...▒...▒▒▒▒▒▒....
▒....'..l▒.........
▒....▒...▒.........
▒........+.........
▒.▒▒▒.▒▒l..........
▒.▒ ▒.▒▒.♣.....▒▒
▒.▒▒▒▒▒.....▒▒▒▒▒
▒▒▒.@.'▒▒'▒▒....▒▒
▒▒
▒▒...▒▒...▒▒...▒▒
▒▒▒▒▒▒.♣.▒▒▒▒▒▒
▒...▒ ▒▒>▒▒ ▒▒▒


You could see Sigmund (invisible).


Message History

Sigmund is severely wounded.
Sigmund completely misses you.
Unknown command.
There is a stone staircase leading up here.
You feel a strong urge to attack something.
Sigmund casts a spell at you. The puff of flame hits you!
You see here a frilled lizard corpse.
You bump into the tree.
You are no longer berserk.
You are exhausted.
You feel yourself slow down. Sigmund closely misses you.
Unknown command.
You're too confused to move!
Sigmund hits you from afar with a +2 vorpal scythe.
* * * LOW HITPOINT WARNING * * *
* * * LOW HITPOINT WARNING * * *
You feel less confused. Sigmund gestures at you while chanting.
You are confused.
Sigmund casts a spell at you. The puff of flame hits you!
* * * LOW HITPOINT WARNING * * *
You see here a frilled lizard corpse.
You miss Sigmund.
Sigmund is severely wounded.
Sigmund hits you with a +2 vorpal scythe.
* * * LOW HITPOINT WARNING * * *
You die...

Action                   || total
-------------------------++-------
Melee: Hand axe          ||    88
       Tailslap          ||     8
  Use: Potion            ||     4
Armor: Leather armour    ||    36
       Skin              ||     8
Dodge: Dodged            ||    38

Levels and vault maps discovered:
D:1:      dpeg_arrival_rooms_c, layout_loops_ring, serial_park_tiny_1,
          minmay_cut_off
D:2:      layout_basic, basic_altar, nicolae_ecumenical_pavilion,
          grunt_decor_arrowhead, grunt_ministairs_4, grunt_decor_one_mirror,
          uniq_sigmund

Notes
Turn   | Place    | Note
-------+----------+-------------------------------------------
     0 | Abyss:1  | sanka the Palentonga Abyssal Knight began the quest for the
                  | Orb.
     0 | Abyss:1  | Reached XP level 1. HP: 19/19 MP: 2/2
    52 | D:1      | Escaped the Abyss
   189 | D:1      | Reached XP level 2. HP: 25/25 MP: 3/3
   287 | D:1      | Reached ** piety under Lugonu
   288 | D:1      | Reached skill level 1 in Unarmed Combat
   630 | D:1      | Reached skill level 2 in Unarmed Combat
   638 | D:1      | Reached XP level 3. HP: 17/27 MP: 4/4
  1562 | D:2      | Reached skill level 3 in Unarmed Combat
  1664 | D:2      | Noticed Sigmund
  1667 | D:2      | Found an opulent altar of Gozag.
  2114 | D:2      | HP: 1/31 [Sigmund (5)]
  2114 | D:2      | Slain by Sigmund

Vanquished Creatures
  2 adders (D:2)
  2 dart slugs
  3 endoplasms
  5 giant cockroaches
  A goblin (D:1)
  3 hobgoblins
  5 jackals (D:1)
  2 quokkas
  4 ball pythons (D:1)
  2 bats
  2 frilled lizards
  3 kobolds (D:1)
  4 rats (D:1)
38 creatures vanquished.
